 Dungeon Crawl Stone Soup version 0.24.0-28-g17ded55e90 (webtiles) character file.

Game seed: 13298977086697536171, levelgen mode: deterministic

611 sking99 the Chopper (level 7, -5/61 HPs)
             Began as a Hill Orc Fighter on Nov 12, 2019.
             Was an Initiate of Makhleb.
             Slain by an orc priest
             ... wielding a +0 hand axe
              (7 damage)
             ... on level 6 of the Dungeon.
             The game lasted 00:05:41 (3862 turns).

sking99 the Chopper (Hill Orc Fighter)              Turns: 3862, Time: 00:05:42

Health: -5/61      AC: 13    Str: 21    XL:     7   Next: 44%
Magic:  8/8        EV:  5    Int:  8    God:    Makhleb [......]
Gold:   242        SH:  9    Dex: 10    Spells: 6/6 levels left

rFire    . . .     SeeInvis .   a - +1 war axe
rCold    . . .     Gourm    .   c - +0 shield
rNeg     . . .     Faith    .   n - +0 chain mail
rPois    .         Spirit   .   b - +0 helmet
rElec    .         Reflect  .   (no cloak)
rCorr    .         Harm     .   h - +1 pair of gloves
MR       .....                  (no boots)
Stlth    ..........             (no amulet)
HPRegen  0.20/turn              (no ring)
MPRegen  0.11/turn              (no ring)

@: no status effects
A: no striking features
a: Renounce Religion, Convert to Beogh


You were on level 6 of the Dungeon.
You worshipped Makhleb.
Makhleb was noncommittal.
You were near starving.

You visited 1 branch of the dungeon, and saw 6 of its levels.

You collected 242 gold pieces.

Inventory:

Hand Weapons
 a - a +1 war axe (weapon)
Armour
 b - a +0 helmet (worn)
 c - a +0 shield (worn)
 h - a +1 pair of gloves (worn)
 n - a +0 chain mail (worn)
Jewellery
 o - an uncursed amulet of faith {unknown}
 t - a cursed ring of attention {unknown}
Wands
 u - a wand of paralysis (7)
Scrolls
 e - 4 scrolls of remove curse
 g - 2 scrolls of enchant armour
 i - a scroll of enchant weapon
 k - 3 scrolls of amnesia
 v - a scroll of blinking
 w - 3 scrolls of identify
Potions
 d - a potion of might
 j - a potion of brilliance
 l - a potion of ambrosia {unknown}
 m - a potion of flight {unknown}
 p - a potion of cancellation {unknown}
 q - 2 potions of heal wounds
 r - a potion of invisibility {unknown}
 s - a potion of haste {unknown}
 x - 3 potions of curing
Comestibles
 f - 8 rations


   Skills:
 + Level 5.3 Fighting
 * Level 6.7 Axes
 + Level 4.9 Armour
 + Level 4.8 Shields
 + Level 2.4 Invocations


You had 6 spell levels left.
You didn't know any spells.
Your spell library contained the following spells:

 Spells                   Type           Power        Failure   Level  Hunger
 Shock                    Conj/Air       #...         100%        1    ##.....
 Swiftness                Chrm/Air       #.......     100%        2    ###....
 Static Discharge         Conj/Air       #.......     100%        3    ####...
 Airstrike                Air            #.........   100%        4    #####..
 Lightning Bolt           Conj/Air       #.........   100%        5    ######.


Dungeon Overview and Level Annotations

Branches:
Dungeon (7/15)
 Temple: D:4-7

Altars:
Elyvilon
Fedhas
Gozag
Makhleb
Zin

Shops:
D:4 :

Annotations:
D:3 2 transporters, Daviar's ghost, amateur GrFi
D:4 1 runed translucent door, Crazy Yiuf


Message History

You barely miss the orc priest.
Your chain mail prevents you from hitting the orc warrior.
The orc warrior hits you with a +0 trident.
* * * LOW HITPOINT WARNING * * *
The orc priest mumbles some strange prayers to Beogh against you.
Beogh smites you!
* * * LOW HITPOINT WARNING * * *
The orc priest hits you with a +0 hand axe.
* * * LOW HITPOINT WARNING * * *
The orc priest shouts, "Surrender to Beogh and we'll let you live!"
Your shield and chain mail prevent you from hitting the orc priest.
The orc priest shouts, "Surrender to Beogh and we'll let you live!"
You hit the orc warrior but do no damage.
You slash the orc priest!
You kill the orc priest!
Makhleb accepts your kill.
You miss something. The orc warrior barely misses you.
Something hits you but does no damage.
The orc priest hits you with a +0 hand axe!
You die...

#.......o...#.##
#).............#
##.........#...###
##...#...........
###..........###
#######..........#
#................###
#...)o..............
#...@o............##
#...................
#........>........##
#.................#
#......#.####.#.....
########.# .......
#.# )...... .. ..


You could see an orc warrior and an orc priest.

Vanquished Creatures
  Eustachio (D:4)
  An ogre (D:6)
  Blork the orc (D:4)
  A scorpion (D:6)
  A bullfrog zombie (D:6)
  An orc priest (D:6)
  A centaur skeleton (D:6)
  6 gnolls
  6 adders
  4 worms
  2 dart slugs (D:1)
  3 leopard geckos
  An orc (D:6)
  7 bats
  2 giant cockroaches (D:3)
  5 goblins
  8 hobgoblins
  9 jackals
  3 kobolds
  2 quokkas
  2 ball pythons
  3 frilled lizards
  8 rats
78 creatures vanquished.

Notes
Turn   | Place    | Note
-------+----------+-------------------------------------------
     0 | D:1      | sking99 the Hill Orc Fighter began the quest for the Orb.
     0 | D:1      | Reached XP level 1. HP: 19/19 MP: 1/1
   196 | D:1      | Reached skill level 3 in Axes
   207 | D:1      | Reached XP level 2. HP: 25/27 MP: 2/2
   952 | D:2      | Reached XP level 3. HP: 33/33 MP: 3/3
  1250 | D:2      | Reached skill level 4 in Axes
  1392 | D:2      | Found a white marble altar of Elyvilon.
  1392 | D:2      | Found an opulent altar of Gozag.
  1606 | D:2      | Reached XP level 4. HP: 37/40 MP: 4/4
  1832 | D:3      | Found a transporter.
  1888 | D:3      | Reached XP level 5. HP: 33/47 MP: 5/5
  2107 | D:3      | Noticed Daviar's ghost (amateur GrFi)
  2107 | D:3      | Noticed an ogre
  2109 | D:3      | Noticed an ogre
  2574 | D:3      | Noticed an ogre
  2578 | D:3      | Found a transporter.
  2716 | D:4      | Noticed Blork the orc
  2730 | D:4      | Killed Blork the orc
  2730 | D:4      | Reached skill level 5 in Axes
  2841 | D:4      | Found Xuil's Book Boutique.
  2976 | D:4      | Reached XP level 6. HP: 52/53 MP: 6/6
  2980 | D:4      | Found a burning altar of Makhleb.
  2987 | D:4      | Found a glowing silver altar of Zin.
  2991 | D:4      | Found a blossoming altar of Fedhas.
  3009 | D:4      | Became a worshipper of Makhleb the Destroyer
  3055 | D:4      | Found a runed translucent door.
  3056 | D:4      | Noticed Crazy Yiuf
  3109 | D:4      | Noticed Eustachio
  3133 | D:4      | Killed Eustachio
  3133 | D:4      | Reached skill level 5 in Fighting
  3133 | D:4      | Reached skill level 1 in Invocations
  3301 | D:4      | You fall into a shaft and drop 3 floors!
  3319 | D:6      | Reached skill level 6 in Axes
  3446 | D:6      | Reached XP level 7. HP: 45/61 MP: 8/8
  3861 | D:6      | HP: 3/61 [orc priest/divine providence (13)]
  3861 | D:6      | HP: 1/61 [orc priest/+0 hand axe (2)]
  3862 | D:6      | Slain by an orc priest

Levels and vault maps discovered:
D:1:      lemuel_arrival_muddy, layout_basic, minmay_tetromino_s4
D:2:      layout_rooms, gammafunk_temple_overflow_wave
D:3:      layout_basic, gammafunk_ghost_smash, first_ration
D:4:      layout_gridville, minmay_overflow_temple_star_quad, serial_shops,
          nicolae_shop_window_shopping, uniq_crazy_yiuf_cottage, uniq_eustachio,
          uniq_blork_the_orc
D:6:      layout_rooms, overflow_temple_1_default, temple_statues
D:7:      layout_layer_cave, okawaru_altar_gauntlet_db,
          ebering_ghost_disaster_area, kennysheep_decorative_pillar, hex_tiny

Skill      XL: |  1  2  3  4  5  6  7 |
---------------+----------------------+-----
Axes           | 3 4 5 6 |  6.7
Fighting       | 4 5 |  5.3
Armour         | 4 |  4.9
Shields        | 4 |  4.8
Invocations    | 1 2 |  2.4

Action                   |  1- 3 |  4- 6 |  7- 9 || total
-------------------------+-------+-------+-------++-------
Melee: War axe           |    98 |   172 |    33 ||   303
  Use: Scroll            |       |    11 |     1 ||    12
  Eat: Chunk             |     2 |     6 |       ||     8
Armor: Scale mail        |    18 |       |       ||    18
       Chain mail        |    41 |   143 |    10 ||   194
Dodge: Dodged            |    29 |    55 |     9 ||    93
Block: Shield            |    51 |   108 |    20 ||   179
